 Dungeon Crawl Stone Soup version 0.20.1-1-g8b1a95d (webtiles) character file.

896 arttle the Arsonist (level 8, -2/41 HPs)
             Began as a Gargoyle Fire Elementalist on Nov 4, 2017.
             Slain by an orc warrior
             ... wielding a +0 trident
              (19 damage)
             ... on level 4 of the Dungeon.
             The game lasted 00:22:10 (4177 turns).

arttle the Arsonist (Gargoyle Fire Elementalist)    Turns: 4177, Time: 00:22:15

Health: -2/41      AC:  8    Str: 12    XL:     8   Next: 7%
Magic:  11/11      EV: 12    Int: 18    God:
Gold:   242        SH:  0    Dex: 10    Spells: 3/11 levels left

rFire    . . .     SeeInvis .   k - +1 whip (freeze)
rCold    . . .     Gourm    .   (no shield)
rNeg     + . .     Faith    .   a - +1 robe
rPois    ∞         Spirit   .   (no helmet)
rElec    +         Reflect  .   (no cloak)
rCorr    .         Harm     .   (no gloves)
MR       .....                  (no boots)
Stlth    ++........             (no amulet)
Regen    0.2/turn               (no ring)
MPRegen  0.2/turn               (no ring)

@: no status effects
A: negative energy resistance 1, electricity resistance, unbreathing,
petrification resistance, rot immunity, AC +5
a: no special abilities


You were on level 4 of the Dungeon.
You were not hungry.

You visited 1 branch of the dungeon, and saw 5 of its levels.

You collected 242 gold pieces.

Inventory:

Hand Weapons
 e - a +0 dagger
 k - a +1 whip of freezing (weapon)
Armour
 a - a +1 robe (worn)
Jewellery
 h - an uncursed amulet of harm {unknown}
Scrolls
 l - a scroll of identify
 m - a scroll of teleportation
 n - 4 scrolls of remove curse
Potions
 g - a potion of haste
 i - 2 potions of mutation {unknown}
 o - 2 potions of curing {unknown}
Books
 b - a book of Flames

   Spells                             Type                      Level
   a - Flame Tongue                   Conjuration/Fire             1
   b - Throw Flame                    Conjuration/Fire             2
   c - Conjure Flame                  Conjuration/Fire             3
   d - Inner Flame                    Hexes/Fire                   3
   e - Sticky Flame                   Conjuration/Fire             4
   f - Fireball                       Conjuration/Fire             5
Comestibles
 c - 3 bread rations
 d - 7 chunks of flesh
 f - a fruit
 j - 2 royal jellies


   Skills:
 - Level 1.5 Dodging
 - Level 2.1 Stealth
 - Level 2.0 Spellcasting
 + Level 5.4 Conjurations
 + Level 8.0 Fire Magic


You had 3 spell levels left.
You knew the following spells:

 Your Spells              Type           Power        Failure   Level  Hunger
a - Flame Tongue          Conj/Fire      ####.        1%          1    #......
c - Conjure Flame         Conj/Fire      ####....     3%          3    ###....
z - Sticky Flame          Conj/Fire      ####....     11%         4    #####..


Dungeon Overview and Level Annotations

Branches:
Dungeon (5/15)             Temple (0/1) D:4

Altars:
Dithmenos

Shops:
D:5 }

Annotations:
D:3 AdmiralAndromeda's ghost, amateur DECj


Innate Abilities, Weirdness & Mutations

You are resistant to torment.
Your stone body is resilient. (AC +5)
You are immune to poison.
You resist negative energy. (rN+)
You are resistant to electric shocks. (rElec)
You can survive without breathing.
You are immune to petrification.
You are immune to rotting.


Message History

Your Fire Magic skill increases to level 8!
There is an open door here.
o - 2 fuming ruby potions (gained 1)
You start resting.
Magic restored.
Done exploring.
There is an open door here.
HP restored.
Items here: ( ) [ ÷ a dagger; 2 tomahawks; a ring mail; an orc skeleton
Things that are here:
a dagger; a robe
There is a stone staircase leading up here.
You climb upwards.
The orc shouts!
The orc priest shouts!
The orc shouts!
The adder hisses angrily.
The orc shouts!
The orc warrior hits you with a trident!!
The orc hits you with a flail. The adder closely misses you.
The orc warrior hits you with a trident!!
You die...

#....##...# ##....##...#
######.....##...##
####................#
#...................##
...#######...#######.###
.### ##..#8...8#...## ##
#...#.So..#....## #
##...#.o@o.#.....#
##....#..oo.##.<..#
##...###.⌠.⌠.###...#
##...## #....o# #...#
##...## #.⌠.⌠.###...#
#####...## #.....#....##
.......## #..>..#.##.#
......## #.....####.#
......# #8... #..##


You could see an orc warrior, an orc priest, an adder and 4 orcs.

Vanquished Creatures
  Menkaure (D:4)
  3 ogres
  A howler monkey (D:4)
  A centaur zombie (D:5)
  A bullfrog zombie (D:5)
  2 bullfrog skeletons
  An orc wizard (D:5)
  An iguana (D:3)
  Natasha (twice) (D:2)
  2 worker ants
  A worker ant zombie (D:5)
  A gnoll (D:1)
  10 adders
  A shadow imp (D:5)
  An ooze (D:2)
  An adder zombie (D:5)
  4 worms
  2 dart slugs (D:2)
  3 leopard geckos
  3 orcs (D:5)
  10 bats
  5 giant cockroaches
  9 goblins
  3 hobgoblins
  4 jackals
  A quokka (D:3)
  4 frilled lizards
  4 kobolds
  2 rats (D:1)
84 creatures vanquished.

Notes
Turn   | Place    | Note
-------+----------+-------------------------------------------
     0 | D:1      | arttle the Gargoyle Fire Elementalist began the quest for the Orb.
     0 | D:1      | Reached XP level 1. HP: 10/10 MP: 3/3
   118 | D:1      | Reached XP level 2. HP: 15/15 MP: 1/5
   338 | D:1      | Reached skill level 4 in Fire Magic
   447 | D:1      | Reached XP level 3. HP: 19/19 MP: 4/6
   884 | D:2      | Reached XP level 4. HP: 24/24 MP: 4/7
   989 | D:2      | Noticed Natasha
   993 | D:2      | Killed Natasha
   993 | D:2      | Reached skill level 5 in Fire Magic
  1366 | D:2      | Noticed Natasha
  1372 | D:2      | Killed Natasha
  1372 | D:2      | Reached XP level 5. HP: 19/28 MP: 0/8
  1705 | D:3      | Reached skill level 6 in Fire Magic
  1968 | D:3      | Noticed AdmiralAndromeda's ghost (amateur DECj)
  2024 | D:3      | Learned a level 3 spell: Conjure Flame
  2029 | D:3      | Learned a level 4 spell: Sticky Flame
  2194 | D:4      | Noticed an orc warrior
  2205 | D:4      | Noticed Menkaure
  2214 | D:4      | Killed Menkaure
  2214 | D:4      | Reached XP level 6. HP: 26/32 MP: 4/9
  2265 | D:4      | Learned a level 1 spell: Flame Tongue
  2343 | D:4      | Found a staircase to the Ecumenical Temple.
  2391 | D:4      | Reached XP level 7. HP: 26/36 MP: 2/10
  2475 | D:4      | Reached skill level 7 in Fire Magic
  2806 | D:5      | Entered Level 5 of the Dungeon
  3318 | D:5      | Reached skill level 5 in Conjurations
  3728 | D:5      | Reached XP level 8. HP: 41/41 MP: 4/11
  3970 | D:5      | Found Yduag's Gadget Boutique.
  4123 | D:5      | Found a shadowy altar of Dithmenos.
  4126 | D:5      | Reached skill level 8 in Fire Magic
  4177 | D:4      | Slain by an orc warrior

Skill      XL: |  1  2  3  4  5  6  7  8 |
---------------+-------------------------+-----
Fire Magic     | 4 5 6 7 8 |  8.0
Conjurations   | 2 3 5 |  5.4
Dodging        | |  1.5
Stealth        | |  2.1
Spellcasting   | |  2.0

Action                   |  1- 3 |  4- 6 |  7- 9 || total
-------------------------+-------+-------+-------++-------
Melee: Unarmed           |     3 |       |       ||     3
       Dagger            |       |     4 |       ||     4
       Whip              |       |     2 |     9 ||    11
 Cast: Flame Tongue      |    42 |    92 |    68 ||   202
       Sticky Flame      |       |     2 |     8 ||    10
  Use: Scroll            |     3 |     3 |       ||     6
  Eat: Chunk             |     1 |     6 |     9 ||    16
Armor: Robe              |    14 |    16 |    15 ||    45
Dodge: Dodged            |    32 |    32 |    39 ||   103
